 Dungeon Crawl Stone Soup version 0.30-a0-509-gd016549 (webtiles) character file.

Game seed: 14774992895846003751

23 JeffreyDhamer the Conjurer (level 3, -4/24 HPs)
             Began as a Human Conjurer on Dec 22, 2022.
             Slain by a kobold
             ... wielding a +0 whip
              (5 damage)
             ... on level 2 of the Dungeon.
             The game lasted 00:08:28 (1473 turns).

JeffreyDhamer the Conjurer (Human Conjurer)         Turns: 1473, Time: 00:08:29

Health: -4/24      AC:  2    Str:  7    XL:     3   Next: 12%
Magic:  5/6        EV: 12    Int: 20    God:
Gold:   46         SH:  0    Dex: 11    Spells: 2/6 levels left

rFire   . . .      SeeInvis .    c - +0 dagger
rCold   . . .      Faith    .    (no shield)
rNeg    . . .      Spirit   .    a - +0 robe
rPois   .          Reflect  .    (no helmet)
rElec   .          Harm     .    (no cloak)
rCorr   .          Rampage  .    (no gloves)
Will    .....                    (no boots)
Stlth   ++........               (no amulet)
HPRegen 0.24/turn                (no ring)
MPRegen 0.10/turn                (no ring)

@: no status effects
A: no striking features
a: no special abilities


You were on level 2 of the Dungeon.
You visited 1 branch of the dungeon, and saw 2 of its levels.

You collected 46 gold pieces.

Inventory:

Hand Weapons
 c - a +0 dagger (weapon)
Armour
 a - a +0 robe (worn)
Scrolls
 d - a scroll of poison {unknown}
 e - a scroll of fog {unknown}
 f - 2 scrolls of identify {unknown}
 g - a scroll of enchant armour {unknown}
 j - a scroll of butterflies {unknown}
Potions
 b - a potion of magic
 h - a potion of curing {unknown}
 i - a potion of ambrosia {unknown}


   Skills:
 + Level 2.1 Dodging
 + Level 2.1 Stealth
 + Level 2.2 Spellcasting
 + Level 4.5 Conjurations


You had 2 spell levels left.
You knew the following spells:

 Your Spells              Type           Power      Damage    Failure   Level
a - Magic Dart            Conj           80%        1d7       2%          1
b - Searing Ray           Conj           40%        2d5       3%          2
c - Summon Small Mammal   Summ           8%         N/A       16%         1

Your spell library contained the following spells:

 Spells                   Type           Power      Damage    Failure   Level
 Dazzling Flash           Conj/Hex       22%        N/A       19%         3
 Call Canine Familiar     Summ           2%         N/A       43%         3
 Summon Guardian Golem    Hex/Summ       2%         N/A       43%         3
 Fulminant Prism          Conj/Hex       5%         3d6       52%         4
 Iskenderun's Mystic Bla  Conj/Tloc      11%        2d4       52%         4


Dungeon Overview and Level Annotations

Branches:
Dungeon (2/15)

Altars:


Message History

You kill the hobgoblin!
Casting: Magic Dart (safe; 2% risk of failure)
Confirm with . or Enter, or press ? or * to list all spells.
Aiming: Magic Dart (safe; 2% risk of failure)
Press: ? - help, Shift-Dir - straight line, f - ball python
Aim: a ball python (asleep, 100% to hit)
The magic dart hits the ball python!
You kill the ball python!
There is an open door here.
You open the door.
There is an open door here.
You open the door.
There is an open door here.
You open the door.
There is an open door here.
There is an open door here.
There is an open door here.
Found 7 stones.
You see here 7 stones.
You see here a +0 dagger.
You see here a +0 dagger.
There is a stone staircase leading down here.
You climb downwards.
A worm comes into view.
The worm bites you.
There is a stone staircase leading up here.
You hit the kobold.
The kobold is moderately wounded.
The kobold hits you with a +0 whip.
Casting: Magic Dart (safe; 2% risk of failure)
Confirm with . or Enter, or press ? or * to list all spells.
Aiming: Magic Dart (safe; 2% risk of failure)
Press: ? - help, Shift-Dir - straight line, f - kobold
Aim: a kobold, wielding a +0 whip (moderately wounded, 100% to hit)
The magic dart hits the kobold but does no damage.
The kobold is moderately wounded.
The kobold hits you with a +0 whip. The worm bites you!
* * * LOW HITPOINT WARNING * * *
The kobold hits you with a +0 whip.
You die...

......#.#........#
.................#
......../........##
....... ...........
....... #........#
.......##........
............##.#
......)@K......###.#
.......w............
...............##..
...............#
.##...#....#####
#..........
#..>...w.....
..............
$.....<


You could see 2 worms and a kobold.

Vanquished Creatures
  A dart slug (D:1)
  2 endoplasms (D:1)
  7 goblins
  3 hobgoblins (D:1)
  A kobold (D:1)
  A quokka (D:1)
  2 ball pythons (D:1)
17 creatures vanquished.

Notes
Turn   | Place    | Note
-------+----------+-------------------------------------------
     0 | D:1      | JeffreyDhamer the Human Conjurer began the quest for the
                  | Orb.
     0 | D:1      | Reached XP level 1. HP: 13/13 MP: 3/3
    11 | D:1      | You fall into a shaft and drop 1 floor!
   189 | D:1      | Reached XP level 2. HP: 19/19 MP: 0/5
   949 | D:1      | Learned a level 2 spell: Searing Ray
   951 | D:1      | Learned a level 1 spell: Summon Small Mammal
  1246 | D:1      | Reached XP level 3. HP: 24/24 MP: 2/6
  1472 | D:2      | HP: 1/24 [worm (11)]
  1473 | D:2      | Slain by a kobold

Illustrated notes

Levels and vault maps discovered:
D:1:      dpeg_arrival_shrine, layout_loops_corners
D:2:      minmay_wonky_spiral, layout_rooms, serial_park_tiny_2

Action                   || total
-------------------------++-------
Melee: Dagger            ||    11
       Unarmed           ||     3
 Cast: Magic Dart        ||    33
       Summon Small Mamm ||     1
Armor: Robe              ||     8
Dodge: Dodged            ||    14

Table legend: (Time is in decaauts)
 A = Elapsed time spent in this place.
 B = Non-inter-level travel time spent in this place.
 C = Inter-level travel time spent in this place.
 D = Time resting spent in this place.
 E = Time spent auto-exploring this place.
 F = Levels seen in this place.
 G = Mean time per level.
                   A        B        C        D        E       F      G
               +--------+--------+--------+--------+--------+-----+--------+
         Total |   1473 |   1390 |     83 |    147 |     42 |   2 |  736.5 |
       Dungeon |   1473 |   1390 |     83 |    147 |     42 |   2 |  736.5 |
               +--------+--------+--------+--------+--------+-----+--------+

Top non-repeatable levels by time:
     D:1: 1459 daAuts
     D:2: 13 daAuts
